AoeStats
← ITZ | AutocavS

Golden Pit

509904588Analyzed
1v1 RM · 5d ago on Sep 28, 2026· 36m 27s· 2 players
Game mode
Random Map
Map size
Tiny (2 player)
Population
200
Speed
Normal
Resources
Standard
Victory
Conquest
Starting age
Dark Age
Ending age
Imperial Age
RankedLock teamsTeams togetherTeam positionsShared explorationLock speedFull tech treeHidden civsTurbo modeCheats
Victory
Defeat
🇦🇷 Magyars · Argentina
1461
+14
🇺🇸 Mongols · United States
1413
-14
timbird2450
8:59 Feudal Age
7:16 Loom
17:31 Castle Age
16:34 Fletching
16:55 Double-Bit Axe
17:46 Scale Barding Armor
21:03 Husbandry
22:45 Bloodlines
28:36 Horse Collar
29:33 Chain Barding Armor
30:46 Forging
35:03 Wheelbarrow
34:21 Gold Mining
ITZ | AutocavS
5:38 Loom
8:54 Feudal Age
9:50 Double-Bit Axe
12:09 Horse Collar
19:27 Castle Age
18:07 Gold Mining
18:51 Bloodlines
18:58 Fletching
19:08 Padded Archer Armor
20:11 Bodkin Arrow
21:05 Husbandry
27:30 Wheelbarrow
31:47 Imperial Age
30:56 Ballistics
31:42 Stone Mining
32:25 Leather Archer Armor
33:28 Bow Saw
33:50 Heavy Cavalry Archer
36:44 Bracer
Connection lost

Rejoining the realm…

Still unreachable

The connection could not be restored.

Session expired

The server has moved on; the page needs a fresh start.